 Dungeon Crawl Stone Soup version 0.16.1-2-g95b8d4c (console) character file.

3092 Monkaria the Protected (level 9, -6/88 HPs)
             Began as a Deep Dwarf Skald on Mar 25, 2015.
             Was a Follower of Makhleb.
             Killed by divine providence
             ... invoked by an orc priest
              (9 damage)
             ... on level 8 of the Dungeon.
             The game lasted 00:14:07 (5648 turns).

Monkaria the Protected (Deep Dwarf Skald)           Turns: 5648, Time: 00:14:08

Health: -6/88      AC: 17    Str: 16    XL:     9   Next: 59%
Magic:  10/10      EV:  7    Int: 13    God:    Makhleb [*.....]
Gold:   259        SH:  0    Dex: 15    Spells: 1 memorised, 10 levels left

rFire  . . .     SeeInvis .     o - +2 hand axe (drain)
rCold  . . .     Clarity  .     p - +3 chain mail {MR+}
rNeg   . . .     SustAb   .     (no shield)
rPois  .         Gourm    .     H - +1 helmet
rElec  .         Spirit   .     q - +0 cloak
rCorr  .         Warding  .     (no gloves)
rMut   .         Stasis   .     (no boots)
MR     ++...                    (no amulet)
Stlth  ..........               (no ring)
                                y - ring of flight

@: non-regenerating, very resistant to hostile enchantments, extremely
unstealthy
A: damage resistance, recharge devices, sense surroundings 2, slow healing 3
a: Device Recharging, Renounce Religion, Evoke Flight


You were on level 8 of the Dungeon.
You worshipped Makhleb.
Makhleb was aware of your devotion.
You were not hungry.

You visited 2 branches of the dungeon, and saw 9 of its levels.

You collected 259 gold pieces.

Inventory:

Hand weapons
 o - a +2 hand axe of draining (weapon)
 u - a +2 war axe
 E - a +1 trident of flaming
 L - a +4 war axe
Missiles
 C - 8 poisoned needles
Armour
 j - the +2 helmet "Stiblaer" {rElec rF+ rCorr MP-9}
   (You found it on level 4 of the Dungeon)

   It protects you from fire.
   It insulates you from electricity.
   It affects your magic capacity (-9).
   It protects you from acid and corrosion.
 p - a +3 chain mail of magic resistance (worn)
 q - a +0 cloak (worn)
 H - a +1 helmet (worn)
Jewellery
 y - a ring of flight (left hand)
Magical devices
 d - a wand of heal wounds (4)
 B - a wand of teleportation (5)
 D - a wand of random effects (13)
 M - a wand of teleportation (1)
Scrolls
 e - 4 scrolls of enchant armour
 g - 5 scrolls of teleportation
 k - a scroll of noise
 l - a scroll of recharging {unknown}
 s - 4 scrolls of identify {unknown}
 t - a scroll of magic mapping {unknown}
 G - a scroll of blinking {unknown}
 I - a scroll of remove curse
Potions
 b - 2 potions of might {unknown}
 i - a potion of lignification {unknown}
 m - 2 potions of curing {unknown}
 r - 4 potions of poison {unknown}
 w - a potion of cancellation {unknown}
 x - 2 potions of mutation {unknown}
 z - a potion of flight {unknown}
 A - a potion of decay {unknown}
 J - 4 potions of heal wounds {unknown}
 K - a potion of brilliance {unknown}
Books
 c - a book of Battle

   Spells                             Type                      Level
   a - Infusion                       Charms                       1
   b - Shroud of Golubria             Charms/Translocation         2
   c - Song of Slaying                Charms                       2
   d - Spectral Weapon                Hexes/Charms                 3
   e - Regeneration                   Charms/Necromancy            3
 F - a book of Summonings

   Spells                             Type                      Level
   a - Abjuration                     Summoning                    3
   b - Recall                         Summoning/Translocation      3
   c - Shadow Creatures               Summoning                    5
   d - Summon Demon                   Summoning                    5
   e - Summon Forest                  Summoning/Translocation      5
   f - Monstrous Menagerie            Summoning                    6
Comestibles
 a - a beef jerky
 f - 3 bread rations
 h - 5 fruits
 v - 4 meat rations


   Skills:
 - Level 8.1 Fighting
 - Level 8.1 Axes
 + Level 8.3 Armour
 - Level 1.1 Dodging
 - Level 1.7 Spellcasting
 - Level 2.6 Charms


You had 10 spell levels left.
You knew the following spells:

 Your Spells              Type           Power        Failure   Level  Hunger
a - Infusion              Chrm           #.....       91%         1    ##.....


Dungeon Overview and Level Annotations

Branches:
Dungeon (8/15)             Temple (1/1) D:7
   Lair: D:8-11

Altars:
Ashenzari
Cheibriados
Dithmenos
Elyvilon
Fedhas
Gozag
Kikubaaqudgha
Makhleb
Nemelex Xobeh
Okawaru
Qazlal
Ru
Trog
Vehumet
Xom
Yredelemnul
Zin
The Shining One

Shops:
D:5 %


Innate Abilities, Weirdness & Mutations

You are resistant to damage.
You can recharge devices by infusing magical energy.
You passively map the area around you.
You do not heal naturally.


Message History

* * * LOW HITPOINT WARNING * * *
The crimson imp barely misses you.
You hit the crimson imp.
The crimson imp is moderately wounded.
The orc priest mumbles some strange prayers to Beogh against you.
Something smites you!
* * * LOW HITPOINT WARNING * * *
The crimson imp hits you but does no damage.
You hit the crimson imp but do no damage.
The crimson imp is lightly wounded.
The orc priest looks braver.
The crimson imp hits you but does no damage.
You barely miss the crimson imp.
The crimson imp is lightly wounded.
You hit the crimson imp.
The crimson imp is moderately wounded.
The crimson imp hits you but does no damage.
The orc priest mumbles some strange prayers to Beogh against you.
Something smites you!
You die...

####### #.....#
######
#.###.######....#
#.# #.....#<..#.#
#.#######.#####.#,
, #..@5o#
#.......# #####.#
######### , * *
#.# * , ,, , , #.#
,* * * * , ,,


#oo , , , , o5o., , ,, , , ..... ,, , * , , #######* * ** * ,* , You could see
an orc priest and a crimson imp.

Vanquished Creatures
  A troll (D:7)
  A hungry ghost (D:7)
  Menkaure (D:4)
  2 orc warriors (D:8)
  A sky beast (D:7)
  4 ogres
  A centaur (D:5)
  Blork the orc (D:4)
  2 giant frogs (D:7)
  A water moccasin skeleton (D:6)
  10 wights
  A scorpion (D:4)
  6 killer bees (D:7)
  2 crimson imps
  A jelly (D:6)
  An orc priest (D:3)
  5 hounds
  5 orc wizards
  2 iguanas
  4 worker ants (D:4)
  An ogre zombie (D:5)
  Ijyb (D:2)
  Terence (D:2)
  A worker ant zombie (D:4)
  4 adders
  A giant mite (D:5)
  3 shadow imps
  2 worms (D:3)
  5 giant geckos
  28 orcs
  A bat zombie (D:6)
  2 gnoll zombies (D:5)
  18 goblins
  13 hobgoblins
  16 jackals
  3 quokkas
  A ball python skeleton (D:4)
  15 bats
  4 giant cockroaches
  4 giant newts
  A giant spore (D:6)
  8 kobolds
  2 quokka skeletons
  16 rats
  3 ballistomycetes (D:6)
206 creatures vanquished.

Vanquished Creatures (others)
  An orc warrior (D:6)
  2 orcs (D:6)
3 creatures vanquished.

Grand Total: 209 creatures vanquished

Notes
Turn   | Place    | Note
--------------------------------------------------------------
     0 | D:1      | Monkaria, the Deep Dwarf Skald, began the quest for the Orb.
     0 | D:1      | Reached XP level 1. HP: 19/19 MP: 2/2
   181 | D:1      | Reached XP level 2. HP: 14/27 MP: 3/3
   373 | D:1      | Reached skill level 3 in Fighting
   575 | D:2      | Reached XP level 3. HP: 8/34 MP: 5/5
   620 | D:2      | Noticed Terence
   641 | D:2      | Killed Terence
  1001 | D:2      | Noticed Ijyb
  1028 | D:2      | Killed Ijyb
  1028 | D:2      | Reached XP level 4. HP: 22/42 MP: 6/6
  1309 | D:3      | Reached XP level 5. HP: 38/49 MP: 7/7
  1325 | D:3      | Reached skill level 4 in Axes
  1465 | D:3      | Reached XP level 6. HP: 21/56 MP: 9/9
  1697 | D:3      | HP: 2/56 [worm (4)]
  1898 | D:3      | Reached skill level 5 in Axes
  2255 | D:4      | Noticed Blork the orc
  2274 | D:4      | Killed Blork the orc
  2328 | D:4      | Reached skill level 6 in Axes
  2443 | D:4      | Reached XP level 7. HP: 30/64 MP: 9/9
  2554 | D:4      | Reached skill level 5 in Fighting
  2715 | D:4      | Noticed Menkaure
  2718 | D:4      | Found a burning altar of Makhleb.
  2724 | D:4      | Killed Menkaure
  2753 | D:4      | Got a shimmering helmet
  2790 | D:4      | Identified the +2 helmet "Stiblaer" {rElec rF+ rCorr MP-9} (You found it on level 4 of the Dungeon)
  2873 | D:4      | Reached XP level 8. HP: 23/78 MP: 9/11
  2891 | D:4      | Found a stormy altar of Qazlal.
  2892 | D:4      | Found a radiant altar of Vehumet.
  2897 | D:4      | Found a snail-covered altar of Cheibriados.
  2997 | D:5      | Entered Level 5 of the Dungeon
  3101 | D:5      | Found Homy's Food Boutique.
  3158 | D:5      | Found a basalt altar of Yredelemnul.
  3284 | D:5      | Reached skill level 7 in Axes
  3377 | D:5      | Found a sacrificial altar of Ru.
  3662 | D:6      | Reached skill level 8 in Axes
  4047 | D:6      | Found a sparkling altar of Nemelex Xobeh.
  4089 | D:6      | Found a shattered altar of Ashenzari.
  4089 | D:6      | Found a glowing silver altar of Zin.
  4190 | D:4      | Became a worshipper of Makhleb the Destroyer
  4339 | D:6      | Found a white marble altar of Elyvilon.
  4388 | D:6      | Found a glowing golden altar of the Shining One.
  4488 | D:7      | Gained mutation: You passively map the area around you. [level up]
  4488 | D:7      | Reached XP level 9. HP: 30/88 MP: 11/11
  4540 | D:7      | Reached skill level 5 in Armour
  4546 | D:7      | Found a staircase to the Ecumenical Temple.
  4586 | Temple   | Entered the Ecumenical Temple
  5013 | D:7      | Noticed a troll
  5023 | D:7      | Killed a troll
  5493 | D:7      | Acquired Makhleb's first power
  5645 | D:8      | HP: 3/88 [orc priest/divine providence (12)]
  5648 | D:8      | Killed from afar by an orc priest

Action                   |  1- 3 |  4- 6 |  7- 9 || total
-------------------------+-------+-------+-------++-------
Melee: Hand axe          |   166 |   182 |   480 ||   828
 Abil: Device Recharging |       |     1 |     2 ||     3
Evoke: Wand              |     1 |     4 |    17 ||    22
  Use: Scroll            |       |     3 |     2 ||     5
  Eat: Chunk             |     1 |     5 |     9 ||    15
       Royal jelly       |       |       |     1 ||     1
